 Dungeon Crawl Stone Soup version 0.31.0-32-g396128a36d (webtiles) character file.

Game seed: 16788549620733327145

52 BigDaddyOpFi the Magician (level 3, -3/31 HPs)
             Began as an Oni Air Elementalist on Mar 12, 2024.
             Slain by an orc priest
             ... wielding a +0 hand axe
              (6 damage)
             ... on level 2 of the Dungeon.
             The game lasted 00:03:01 (2062 turns).

BigDaddyOpFi the Magician (Oni Air Elementalist)    Turns: 2062, Time: 00:03:02

Health: -3/31      AC:  3    Str: 12    XL:     3   Next: 85%
Magic:  3/8        EV:  9    Int: 18    God:
Gold:   66         SH:  0    Dex:  9    Spells: 8/9 levels left

rFire   x . .        n - +1 spear (vamp)
rCold   + . .        (no shield)
rNeg    . . .        a - +0 robe
rPois   .            (helmet restricted)
rElec   .            (no cloak)
rCorr   .            (gloves unavailable)
SInv    .            (boots unavailable)
Will    .....        (no amulet)
Stlth   +            c - ring of ice
HPRegen 0.25/turn    h - ring of flight
MPRegen 0.11/turn

%: no passive effects
@: mighty, flying
A: large, unfitting armour, horns 1, tough skin 1, double potion healing,
drunken brawling
a: no special abilities


You were on level 2 of the Dungeon.
You visited 1 branch of the dungeon, and saw 2 of its levels.

You collected 66 gold pieces.

Inventory:

Hand Weapons
 d - a +0 dagger
 n - a +1 vampiric spear (weapon)
Missiles
 b - 10 stones
Armour
 a - a +0 robe (worn)
Jewellery
 c - a ring of ice (left hand)
 e - a ring of fire
 h - a ring of flight (right hand)
 q - an amulet of the acrobat
Scrolls
 f - 2 scrolls of fog {unknown}
 j - a scroll of enchant armour {unknown}
 k - a scroll of immolation {unknown}
 m - a scroll of blinking {unknown}
 r - a scroll of teleportation {unknown}
Potions
 i - a potion of attraction {unknown}
 l - a potion of cancellation {unknown}
 o - a potion of curing {unknown}
 p - a potion of ambrosia {unknown}


   Skills:
 + Level 0.5 Polearms
 - Level 1.8 Dodging
 - Level 1.4 Stealth
 * Level 3.5 Spellcasting
 + Level 1.6 Conjurations
 + Level 3.1 Air Magic


You had 8 spell levels left.
You knew the following spells:

 Your Spells              Type           Power      Damage    Failure   Level
a - Shock                 Conj/Air       44%        1d5       6%          1

Your spell library contained the following spells:

 Spells                   Type           Power      Damage    Failure   Level
 Static Discharge         Conj/Air       22%        3-4/arc   9%          2
 Swiftness                Air            14%        N/A       13%         3
 Summon Small Mammal      Summ           12%        N/A       16%         1
 Airstrike                Air            7%         2d(1-17)  38%         4


Dungeon Overview and Level Annotations

Branches:
Dungeon (2/15)

Altars:

Shops:
D:2 !


Innate Abilities, Weirdness & Mutations

You are too large for most types of armour.
You have a pair of small horns on your head.
You have tough skin. (AC +1)
You gain doubled healing and magic from potions.
Whenever you drink a healing potion, you attack all around you.


Message History

You barely miss the orc. Your headbutt misses the orc.
The orc hits you with a +0 mace.
The orc priest invokes the aid of Beogh against you.
Beogh smites you!
You hit the orc.
You feel better.
The orc is severely wounded.
The orc hits you with a +0 mace. The orc barely misses you.
You barely miss the orc. Your headbutt misses the orc.
The orc is severely wounded.
The orc hits you but does no damage.
You hit the orc.
You kill the orc!
You hit the orc priest.
The orc priest is lightly wounded.
The orc priest barely misses you.
You hit the orc priest.
You feel better.
The orc priest is moderately wounded.
The orc priest closely misses you.
You closely miss the orc priest. Your headbutt misses the orc priest.
The orc priest is moderately wounded.
The orc priest hits you with a +0 hand axe.
You barely miss the orc priest.
The orc priest is moderately wounded.
The orc priest hits you with a +0 hand axe.
* * * LOW HITPOINT WARNING * * *
Casting: Shock (safe; 6% risk of failure)
Confirm with . or Enter, or press ? or * to list all spells.
Aiming: Shock (safe; 6% risk of failure)
Press: ? - help, Shift-Dir - straight line The zap hits the orc priest.
The orc priest is severely wounded.
The zap misses the orc priest.
The zap hits you.
* * * LOW HITPOINT WARNING * * *
The orc priest hits you with a +0 hand axe.
* * * LOW HITPOINT WARNING * * *
Unknown command.
It was a potion of might.
You feel very mighty all of a sudden.
The orc priest hits you with a +0 hand axe.
You die...

# #### ... ...
.....#.#######
........o....#
#####..#####o#
.o... #@#
...8... #.#
.......#####.##
..............#
.......#####.##
...8.........#
# ...#####.#
#########. #.#
.......... #[#


You could see an orc priest.

Vanquished Creatures
  An adder (D:2)
  A dart slug (D:1)
  2 orcs (D:2)
  4 endoplasms
  A giant cockroach (D:1)
  7 goblins
  2 jackals (D:1)
  A quokka (D:2)
  2 ball pythons
  5 bats
  2 frilled lizards (D:1)
  5 kobolds
  7 rats
40 creatures vanquished.

Notes
Turn   | Place    | Note
-------+----------+-------------------------------------------
     0 | D:1      | BigDaddyOpFi the Oni Air Elementalist began the quest for
                  | the Orb.
     0 | D:1      | Reached XP level 1. HP: 16/16 MP: 3/3
   126 | D:1      | Reached skill level 1 in Conjurations
   248 | D:1      | Reached XP level 2. HP: 21/24 MP: 2/5
  1044 | D:1      | Found a faded altar of an unknown god.
  1052 | D:1      | Got Plato's Catalogue of the Comitatus
  1207 | D:1      | Reached XP level 3. HP: 31/31 MP: 4/7
  1648 | D:2      | Found Fyce's Distillery.
  2062 | D:2      | Slain by an orc priest

Illustrated notes

Levels and vault maps discovered:
D:1:      dpeg_arrival_tiny_f, layout_loops_ring,
          shapermc_ecumenical_altar_rom_forum, hex_large, dk_noncrumbling_3
D:2:      cheibrodos_pilgrimage, layout_loops_ring, serial_shops,
          nicolae_shop_advertising_works [nicolae_subvault_shop_adworks],
          hangedman_glass_teeth

Skill      XL: |  1  2 |
---------------+-------+-----
Conjurations   | 1 |  1.6
Spellcasting   | 3 |  3.5
Air Magic      | 3 |  3.1
Polearms       | |  0.5
Dodging        | |  1.8
Stealth        | |  1.4

Action                     || total
---------------------------++-------
  Melee: Dagger            ||    34
         Headbutt          ||     4
         Spear             ||    12
   Cast: Shock             ||    75
    Use: Potion            ||     2
 Armour: Robe              ||    53
  Dodge: Dodged            ||    41
